 Dungeon Crawl Stone Soup version 0.17.0-26-gececa24 (console) character file.

61 gw the Bolt Thrower (level 4, 0/27 HPs)
             Began as a Gargoyle Hunter on Nov 20, 2015.
             Slain by Natasha (2 damage)
             ... on level 2 of the Dungeon.
             The game lasted 00:01:04 (1411 turns).

gw the Bolt Thrower (Gargoyle Hunter)               Turns: 1411, Time: 00:01:04

Health: 0/27       AC:  8    Str: 15    XL:     4   Next: 7%
Magic:  0/4        EV: 11    Int: 12    God:
Gold:   53         SH:  0    Dex: 11    Spells: 0 memorised, 3 levels left

rFire  . . .     SeeInvis .     b - +0 mace
rCold  . . .     Clarity  .     c - +0 leather armour
rNeg   + . .     SustAt   .     (no shield)
rPois  ∞         Gourm    .     g - +0 helmet
rElec  +         Spirit   +     k - +0 cloak
rCorr  .         Warding  .     (no gloves)
rMut   .         Stasis   .     (no boots)
MR     .....                    m - amulet of guardian spirit
Stlth  +.........               (no ring)
                                (no ring)

@: not resistant to hostile enchantments, very unstealthy
A: negative energy resistance 1, electricity resistance, unbreathing,
petrification resistance, rot immunity, AC +3
a: no special abilities


You were on level 2 of the Dungeon.
You were hungry.

You visited 1 branch of the dungeon, and saw 2 of its levels.

You collected 53 gold pieces.

Inventory:

Hand Weapons
 a - a +1 hand crossbow
 b - a +0 mace (weapon)
Missiles
 d - 16 bolts
Armour
 c - a +0 leather armour (worn)
 g - a +0 helmet (worn)
 k - a +0 cloak (worn)
Jewellery
 m - an amulet of guardian spirit (around neck)
Scrolls
 f - a scroll of random uselessness {unknown}
Comestibles
 e - 2 bread rations


   Skills:
 + Level 2.9 Fighting
 + Level 1.1 Maces & Flails
 * Level 4.8 Crossbows
 + Level 1.2 Armour
 - Level 1.5 Dodging
 - Level 1.1 Stealth


You had 3 spell levels left.
You didn't know any spells.

Dungeon Overview and Level Annotations

Branches:
Dungeon (2/15)

Altars:

Annotations:
D:2 Natasha


Innate Abilities, Weirdness & Mutations

You are resistant to torment.
Your stone body is resilient (AC +3).
You are immune to poison.
You resist negative energy.
You are resistant to electric shocks.
You can survive without breathing.
You are immune to petrification.
You are immune to rotting.


Message History

ATTACK MOVE TO (-1,0)
You sock Jessica!
You kill Jessica!
Your Maces & Flails skill increases to level 1!
Your Armour skill increases to level 1!
You have reached level 4!
You feel clever. The adder bites you but does no damage.
The rat barely misses you. Natasha barely misses you.
The crimson imp blinks!
The adder closely misses you. The rat bites you but does no damage.
ATTACK MOVE TO (-1,1)
You hit the rat.
You kill the rat!
Natasha barely misses you. The adder bites you. Natasha closely misses you.
The adder bites you but does no damage.
ATTACK MOVE TO (-1,1)
You hit the white imp.
The white imp is heavily wounded.
The white imp hits you but does no damage.
The adder closely misses you. Natasha claws you.
You die...

#.#......# ...
#...<....#!#...
.###......#...
..........#!####
####............
......(.........
########..######
...............
#####.)9...####
#.5Sh..#
#5.....#
...#¤.###
[.......
..........#
..........#
.........$.


You could see Natasha, a crimson imp, an adder and a white imp.

Table legend:
 A = Turns spent in this place as a percentage of turns spent in the entire game.
 B = Non-inter-level travel turns spent in this place as a percentage of non-inter-level travel turns spent in the entire game.
 C = Inter-level travel turns spent in this place as a percentage of turns spent in this place.
 D = Turns resting spent in this place as a percentage of non-inter-level travel turns spent in this place.
 E = Turns spent auto-exploring this place as a percentage of non-inter-level travel turns spent in this place.
 F = Non-inter-level travel turns spent in this place divided by the number of levels of this place that you've seen.
                   A       B       C       D       E      F
               +-------+-------+-------+-------+-------+----------------------
         Total | 100.0 | 100.0 |   0.1 |   0.5 |   2.1 | 1287.5
       Dungeon | 100.0 | 100.0 |   0.1 |   0.5 |   2.1 | 1287.5
               +-------+-------+-------+-------+-------+----------------------

Table legend:
 A = Kills in this place as a percentage of kills in entire the game.
 B = Kills by you in this place as a percentage of kills by you in the entire game.
 C = Kills by friends in this place as a percentage of kills by friends in the entire game.
 D = Other kills in this place as a percentage of other kills in the entire game.
 E = Experience gained in this place as a percentage of experience gained in the entire game.
 F = Experience gained in this place divided by the number of levels of this place that you have seen.
                   A       B       C       D       E      F
               +-------+-------+-------+-------+-------+----------------------
         Total | 100.0 | 100.0 |  -nan |  -nan | 100.0 |  44.0
       Dungeon | 100.0 | 100.0 |  -nan |  -nan | 100.0 |  44.0
               +-------+-------+-------+-------+-------+----------------------

Vanquished Creatures
  Jessica (D:2)
  A giant gecko (D:1)
  2 ball pythons (D:1)
  2 giant cockroaches
  3 hobgoblins (D:1)
  4 jackals (D:1)
  5 kobolds (D:1)
  6 bats (D:1)
  4 giant newts (D:1)
  5 rats
33 creatures vanquished.

Notes
Turn   | Place    | Note
--------------------------------------------------------------
     0 | D:1      | gw the Gargoyle Hunter began the quest for the Orb.
     0 | D:1      | Reached XP level 1. HP: 12/12 MP: 1/1
   267 | D:1      | Reached XP level 2. HP: 9/18 MP: 2/2
   738 | D:1      | Reached XP level 3. HP: 22/22 MP: 3/3
  1400 | D:2      | Noticed Jessica
  1402 | D:2      | Noticed Natasha
  1409 | D:2      | Killed Jessica
  1409 | D:2      | Reached skill level 1 in Maces & Flails
  1409 | D:2      | Reached skill level 1 in Armour
  1409 | D:2      | Reached XP level 4. HP: 3/27 MP: 1/4
  1410 | D:2      | HP: 1/27 [adder (2)]
  1411 | D:2      | Slain by Natasha

Action                   |  1- 3 |  4- 6 || total
-------------------------+-------+-------++-------
Melee: Short sword       |    48 |       ||    48
       Mace              |    56 |     2 ||    58
 Fire: Hand crossbow     |    22 |       ||    22
  Use: Scroll            |     4 |       ||     4
       Potion            |     2 |       ||     2
  Eat: Chunk             |     1 |       ||     1

Vault maps used:
D:1:      minmay_arrival_solitary_statue
D:2:      serial_corexii_hall, corexii_hall_statues_l, corexii_hall_statues_u,
          corexii_hall_statues_l, nicolae_ru_sacrificial_ziggurat, uniq_jessica,
          uniq_sigmund, uniq_natasha
